 Dungeon Crawl Stone Soup version 0.29.1 (webtiles) character file.

Game seed: 15394994324170015012

80 Icepheonix32 the Changer (level 4, 0/32 HPs)
             Began as a Merfolk Transmuter on Sept 14, 2022.
             Frozen to death by an endoplasm (3 damage)
             ... on level 3 of the Dungeon.
             The game lasted 00:02:44 (2664 turns).

Icepheonix32 the Changer (Merfolk Transmuter)       Turns: 2664, Time: 00:02:45

Health: 0/32       AC:  2    Str: 10    XL:     4   Next: 39%
Magic:  6/7        EV: 13    Int: 14    God:
Gold:   110        SH:  0    Dex: 14    Spells: 1/7 levels left

rFire   . . .      SeeInvis .     - Unarmed
rCold   . . .      Faith    .   (no shield)
rNeg    + . .      Spirit   .   a - +0 robe
rPois   .          Reflect  .   (no helmet)
rElec   .          Harm     .   (no cloak)
rCorr   .          Rampage  .   (no gloves)
Will    .....                   (no boots)
Stlth   +.........              (no amulet)
HPRegen 0.10/turn               b - ring of positive energy
MPRegen 0.10/turn               (no ring)

@: flying, very slightly contaminated
A: (nimble swimmer 2), mertail
a: no special abilities


You were on level 3 of the Dungeon.
You visited 1 branch of the dungeon, and saw 3 of its levels.

You collected 110 gold pieces.

Inventory:

Missiles
 i - 2 silver boomerangs
 k - 4 boomerangs
Armour
 a - a +0 robe (worn)
Jewellery
 b - a ring of positive energy (left hand)
Scrolls
 c - 2 scrolls of enchant weapon {unknown}
 d - a scroll of teleportation {unknown}
 f - a scroll of identify {unknown}
 h - a scroll of amnesia {unknown}
 j - a scroll of immolation {unknown}
 l - a scroll of butterflies {unknown}
Potions
 e - a potion of curing {unknown}
 g - a potion of flight


   Skills:
 - Level 1.4 Fighting
 + Level 0.1 Throwing
 + Level 3.1 Dodging
 + Level 0.2 Stealth
 + Level 4.0 Unarmed Combat
 + Level 2.3 Spellcasting
 * Level 4.2 Transmutations
 * Level 0.2 Poison Magic


You had one spell level left.
You knew the following spells:

 Your Spells              Type           Power      Damage    Failure   Level
a - Beastly Appendage     Tmut           26%        N/A       4%          1
b - Wereblood             Tmut           13%        N/A       6%          2
c - Spider Form           Tmut/Pois      7%         N/A       26%         3

Your spell library contained the following spells:

 Spells                   Type           Power      Damage    Failure   Level
 Necrotise                Necr           4%         1d4       22%         1
 Sublimation of Blood     Necr           1%         N/A       34%         2
 Ice Form                 Ice/Tmut       7%         N/A       67%         4
 Summon Hydra             Summ           0%         N/A       100%        7


Dungeon Overview and Level Annotations

Branches:
Dungeon (3/15)

Altars:
Dithmenos

Shops:
D:3 (


Innate Abilities, Weirdness & Mutations

((You are very nimble when in or above water. (Stealth+, EV+, Speed+++)))
Your lower body shifts to a powerful aquatic tail in water.


Message History

Found a large tourmaline ring.
Found Nupid's Weapon Shoppe.
Your transformation is almost over.
An endoplasm comes into view.
The endoplasm quivers.
Found a human corpse.
The endoplasm jiggles.
The endoplasm barely misses you. The endoplasm freezes you.
You are frozen.
The endoplasm freezes you.
You are frozen.
You hit the endoplasm but do no damage.
Your horns disappear.
The endoplasm freezes you.
You are frozen.
You hit the endoplasm but do no damage. The endoplasm freezes you.
You are frozen.
The endoplasm freezes you.
You are frozen.
* * * LOW HITPOINT WARNING * * *
The endoplasm hits you.
* * * LOW HITPOINT WARNING * * *
You hit the endoplasm.
The endoplasm is moderately wounded.
The endoplasm freezes you.
You are frozen.
* * * LOW HITPOINT WARNING * * *
Casting: Beastly Appendage (safe; 4% risk of failure)
Confirm with . or Enter, or press ? or * to list all spells.
You miscast Beastly Appendage.
You are very lightly contaminated with residual magic.
Nothing appears to happen.
The endoplasm closely misses you.
It was a potion of flight.
You feel very buoyant.
You fly up into the air.
The endoplasm freezes you.
You are frozen.
You die...

##.### ##.... .. ##.#
##).# .## .#.# ####)..#
...#.# .#.#
#....#.###...... ...##
#.####.....# ....#####.#
##..### #...##....#
#.....# #......####
###J..##
#.............#.@..)#
#...#####................
#...# ###.....∩.......
#...# ................
##... #...##....†#...#
..... ..## ##...##.###
...... # #.#.. . #...## #


You could see an endoplasm.

Vanquished Creatures
  An adder (D:2)
  2 worms (D:2)
  2 dart slugs (D:1)
  An orc (D:3)
  4 bats
  4 endoplasms
  4 giant cockroaches
  6 goblins
  5 hobgoblins
  6 jackals (D:2)
  2 quokkas (D:1)
  2 ball pythons (D:2)
  5 frilled lizards
  5 kobolds
  6 rats
55 creatures vanquished.

Notes
Turn   | Place    | Note
-------+----------+-------------------------------------------
     0 | D:1      | Icepheonix32 the Merfolk Transmuter began the quest for the
                  | Orb.
     0 | D:1      | Reached XP level 1. HP: 15/15 MP: 3/3
   240 | D:1      | Reached XP level 2. HP: 11/21 MP: 3/5
  1103 | D:1      | Found a faded altar of an unknown god.
  1111 | D:1      | Got Plato's Catalogue of Necromancy
  1143 | D:2      | Reached XP level 3. HP: 26/26 MP: 4/6
  1219 | D:2      | Found a shadowy altar of Dithmenos.
  1904 | D:2      | Reached XP level 4. HP: 31/32 MP: 7/7
  2576 | D:2      | Learned a level 2 spell: Wereblood
  2580 | D:2      | Learned a level 3 spell: Spider Form
  2650 | D:3      | Found Nupid's Weapon Shoppe.
  2664 | D:3      | Frozen to death by an endoplasm

Illustrated notes

Levels and vault maps discovered:
D:1:      psy_arrival_radial01, layout_basic,
          shapermc_ecumenical_altar_rom_forum
D:2:      layout_loops_ring, basic_altar, guppyfry_early_lair_pool
D:3:      layout_rooms, mainiacjoe_overflow_alcove_1, serial_shops,
          nicolae_shop_bloodbath_and_beyond, dreamdust_princess_bridge,
          uniq_terence

Skill      XL: |  1  2  3  4 |
---------------+-------------+-----
Transmutations | 3 4 |  4.2
Dodging        | 3 |  3.1
Unarmed Combat | 4 |  4.0
Fighting       | |  1.4
Throwing       | |  0.1
Stealth        | |  0.2
Spellcasting   | |  2.3
Poison Magic   | |  0.2

Action                   |  1- 3 |  4- 6 || total
-------------------------+-------+-------++-------
Melee: Unarmed           |   107 |    44 ||   151
       Headbutt          |    19 |     6 ||    25
       Punch             |     1 |       ||     1
Throw: Boomerang         |     8 |       ||     8
 Cast: Beastly Appendage |    21 |    11 ||    32
  Use: Potion            |     1 |     1 ||     2
 Stab: Sleeping          |       |     1 ||     1
Armor: Robe              |    15 |     2 ||    17
       Skin              |     3 |       ||     3
Dodge: Dodged            |    84 |    29 ||   113
